 Dungeon Sprint DCSS version 0.19.5 (webtiles) character file.

3178 Mesmaeker13 the Grappler (level 9, 0/105 HPs)
             Began as a Troll Berserker on Apr 4, 2017.
             Was an Elder of Trog.
             Slain by an orange demon (1 damage)
             ... summoned by a kobold demonologist
             ... while paralysed by a floating eye
             ... in the Dungeon (Sprint I: "Red Sonja").
             The game lasted 00:03:50 (1075 turns).

Mesmaeker13 the Grappler (Troll Berserker)          Turns: 1075, Time: 00:03:52

Health: 0/105      AC:  5    Str: 30    XL:     9   Next: 63%
Magic:  8/8        EV:  1    Int:  3    God:    Trog [****..]
Gold:   890        SH:  0    Dex:  9    Spells: 0 memorised, 8 levels left

rFire  . . .     SeeInvis .       - Unarmed
rCold  . . .     Gourm    +     a - +0 animal skin
rNeg   . . .     Faith    .     (no shield)
rPois  .         Spirit   .     (helmet restricted)
rElec  .         Reflect  .     (no cloak)
rCorr  .         Harm     .     (gloves unavailable)
MR     ++...     NoTele   +     (boots unavailable)
Stlth  +.........               (no amulet)
                                (no ring)
                                (no ring)

@: paralysed, lethally poisoned (0 -> 0), weakened, regenerating
A: unfitting armour, claws 3, fast metabolism 3, gourmand, regeneration 1,
shaggy fur 1, tough skin 2
a: Berserk, Trog's Hand, Brothers in Arms, Burn Spellbooks, Renounce Religion


You were in the Dungeon.
You worshipped Trog.
Trog was greatly pleased with you.
You were not hungry.

You visited 1 branch You collected 890 gold pieces.

Inventory:

Armour
 a - a +0 animal skin (worn)
Wands
 l - a wand of iceblast (5/15)
Scrolls
 h - a scroll of blinking
 j - a scroll of holy word
 k - a scroll of remove curse {unknown}
 m - a scroll of fear
Potions
 c - 3 potions of curing
 e - a potion of haste
 f - 2 potions of magic
 g - a potion of berserk rage
 i - a potion of cancellation {unknown}
Comestibles
 b - 2 bread rations


   Skills:
 + Level 11.2 Fighting
 + Level 11.1 Dodging
 + Level 13.0 Unarmed Combat
 + Level 0.9 Evocations


You had 8 spell levels left.
You didn't know any spells.

Dungeon Overview and Level Annotations

Branches:
Dungeon (1/1)

Altars:
Cheibriados
Dithmenos
Elyvilon
Fedhas
Gozag
Hepliaklqana
Kikubaaqudgha
Makhleb
Nemelex Xobeh
Okawaru
Qazlal
Ru
Sif Muna
Trog
Uskayaw
Vehumet
Xom
Yredelemnul
Zin
The Shining One
Jiyva
Lugonu

Shops:
D [[[


Innate Abilities, Weirdness & Mutations

You are too large for most types of armour.
You have claws for hands.
Your metabolism is lightning-fast.
You like to eat raw meat.
Your natural rate of healing is unusually fast.
You are covered in fur. (AC +1)
You have very tough skin. (AC +2)


Message History

* * * LOW HITPOINT WARNING * * *
The orange demon hits you but does no damage.
The crimson imp blinks!
You feel sick.
The kobold demonologist mumbles some strange words.
The orange demon stings you but does no damage.
The orange demon hits you.
* * * LOW HITPOINT WARNING * * *
The crimson imp blinks!
The smoke demon hits you.
* * * LOW HITPOINT WARNING * * *
The smoke demon hits you but does no damage. x2
The kobold demonologist begins to cast a cantrip, but forgets the words!
You feel sick. The floating eye seems to glare at you.
The kobold demonologist casts a spell.
The shadow imp hits you but does no damage.
The orange demon stings you!
* * * LOW HITPOINT WARNING * * *
The orange demon hits you.
You die...

###################
).#..'..#__#..'G4K#
..').#..'..'$$#5@5#
#'#####'#__####K35+
..#...#.####.§#####
###..##.#≈§§§.#..#
__##'#..'§≈≈§)†..#
...'..._#≈≈§.§#..#
__##_.#'##'#####+#
__###'#)#)§§.###
#####.####[###.##


You could see an orange demon, 2 kobold demonologists, a smoke demon, a floating
eye, an iron imp, a shadow imp and an ufetubus.

Vanquished Creatures
  2 centaur warriors (D)
  Sonja (D)
  A deep troll (D)
  A hornet (D)
  A slime creature (D)
  Sigmund (D)
  A yak (D)
  An ogre (D)
  A jelly (D)
  Ijyb (D)
  3 ballistomycetes (D)
14 creatures vanquished.

Vanquished Creatures (others)
  2 ballistomycete spores (D)
2 creatures vanquished.

Grand Total: 16 creatures vanquished

Notes
Turn   | Place    | Note
-------+----------+-------------------------------------------
     0 | D        | Mesmaeker13 the Troll Berserker began the quest for the Orb.
     0 | D        | Reached XP level 1. HP: 22/22 MP: 0/0
     1 | D        | Noticed Ijyb
    10 | D        | Killed Ijyb
    10 | D        | Reached skill level 4 in Unarmed Combat
    10 | D        | Reached XP level 2. HP: 31/32 MP: 1/1
   114 | D        | Noticed an ogre
   118 | D        | Killed an ogre
   118 | D        | Reached skill level 5 in Fighting
   118 | D        | Reached skill level 5 in Dodging
   118 | D        | Reached skill level 6 in Unarmed Combat
   118 | D        | Reached XP level 3. HP: 25/42 MP: 2/2
   118 | D        | Reached XP level 4. HP: 29/50 MP: 3/3
   242 | D        | Noticed Sigmund
   258 | D        | Killed Sigmund
   258 | D        | Reached ** piety under Trog
   258 | D        | Reached skill level 7 in Unarmed Combat
   258 | D        | Reached XP level 5. HP: 61/61 MP: 4/4
   258 | D        | Reached XP level 6. HP: 68/68 MP: 5/5
   315 | D        | Found a burning altar of Makhleb.
   315 | D        | Found a viscous altar of Jiyva.
   315 | D        | Found a shimmering altar of Xom.
   315 | D        | Found a corrupted altar of Lugonu.
   315 | D        | Noticed a slime creature
   324 | D        | Killed a slime creature
   324 | D        | Reached skill level 9 in Unarmed Combat
   374 | D        | Found a deep blue altar of Sif Muna.
   376 | D        | Found a radiant altar of Vehumet.
   392 | D        | Noticed a centaur warrior
   407 | D        | Found Boyshreadip's Antique Armour Emporium.
   407 | D        | Found an ancient bone altar of Kikubaaqudgha.
   407 | D        | Found a hazy altar of Hepliaklqana.
   407 | D        | Found a hide-covered altar of Uskayaw.
   407 | D        | Found a basalt altar of Yredelemnul.
   407 | D        | Found an opulent altar of Gozag.
   407 | D        | Found a snail-covered altar of Cheibriados.
   407 | D        | Found a sacrificial altar of Ru.
   407 | D        | Found a shadowy altar of Dithmenos.
   407 | D        | Noticed a yak
   415 | D        | Killed a yak
   415 | D        | Reached *** piety under Trog
   415 | D        | Reached XP level 7. HP: 72/80 MP: 6/6
   427 | D        | Found a stormy altar of Qazlal.
   427 | D        | Found a blossoming altar of Fedhas.
   427 | D        | Found a bloodstained altar of Trog.
   427 | D        | Found an iron altar of Okawaru.
   427 | D        | Found a glowing golden altar of the Shining One.
   427 | D        | Found a glowing silver altar of Zin.
   427 | D        | Found a white marble altar of Elyvilon.
   428 | D        | Found a sparkling altar of Nemelex Xobeh.
   445 | D        | Noticed a centaur warrior
   454 | D        | Killed a centaur warrior
   454 | D        | Reached skill level 11 in Unarmed Combat
   454 | D        | Reached XP level 8. HP: 31/92 MP: 7/7
   461 | D        | Killed a centaur warrior
   461 | D        | Reached skill level 10 in Fighting
   461 | D        | Reached skill level 10 in Dodging
   703 | D        | Noticed a deep troll
   707 | D        | Killed a deep troll
   707 | D        | Reached skill level 12 in Unarmed Combat
   707 | D        | Reached XP level 9. HP: 86/102 MP: 8/8
   763 | D        | Noticed Sonja
   767 | D        | Killed Sonja
   767 | D        | Reached **** piety under Trog
   825 | D        | Found Inykiluh's Armour Emporium.
   848 | D        | Found Tubbiacuem's Armour Boutique.
   989 | D        | Paralysed by a hornet for 1 turns
   993 | D        | Reached skill level 13 in Unarmed Combat
  1064 | D        | Noticed a kobold demonologist
  1065 | D        | Noticed a smoke demon
  1065 | D        | Noticed a kobold demonologist
  1066 | D        | Noticed an orange demon
  1073 | D        | Paralysed by a floating eye for 4 turns
  1075 | D        | HP: 1/105 [orange demon[a kobold demonologist] (14)]
  1075 | D        | Slain by an orange demon

Skill      XL: |  1  2  3  4  5  6  7  8  9 |
---------------+----------------------------+-----
Fighting       | 3 5 6 8 9 10 11 | 11.2
Dodging        | 3 5 6 8 9 10 11 | 11.1
Unarmed Combat | 4 6 7 9 11 12 13 | 13.0
Evocations     | |  0.9

Action                   |  1- 3 |  4- 6 |  7- 9 || total
-------------------------+-------+-------+-------++-------
Melee: Unarmed           |    12 |    28 |    32 ||    72
       Punch             |       |     1 |     2 ||     3
Invok: Berserk           |       |     2 |     3 ||     5
       Trog's Hand       |       |       |     3 ||     3
  Use: Scroll            |       |       |     2 ||     2
       Potion            |       |       |     1 ||     1
  Eat: Chunk             |       |     5 |     8 ||    13
Armor: Animal skin       |     1 |     3 |    25 ||    29
Dodge: Dodged            |     4 |    12 |    33 ||    49
